 Dungeon Crawl Stone Soup version 0.30-a0-462-gd5975efbca (webtiles) character file.

Game seed: 11384737516973881642

221 tsouns the Ruffian (level 5, -1/66 HPs)
             Began as a Draconian Transmuter on Dec 16, 2022.
             Slain by a goblin
             ... wielding a +0 club
             ... led by Robin
              (4 damage)
             ... on level 2 of the Dungeon.
             The game lasted 00:02:12 (1097 turns).

tsouns the Ruffian (Draconian Transmuter)           Turns: 1097, Time: 00:02:13

Health: -1/66      AC:  5    Str: 13    XL:     5   Next: 65%
Magic:  2/9        EV: 16    Int: 15    God:
Gold:   68         SH:  0    Dex: 11    Spells: 4/10 levels left

rFire   . . .      SeeInvis .      - Unarmed
rCold   + . .      Faith    .    (no shield)
rNeg    . . .      Spirit   .    (body armour unavailable)
rPois   .          Reflect  .    (helmet restricted)
rElec   .          Harm     .    (no cloak)
rCorr   .          Rampage  .    (no gloves)
Will    .....                    (no boots)
Stlth   ..........               (no amulet)
HPRegen 0.31/turn                e - ring of protection from cold
MPRegen 0.11/turn                g - +4 ring of evasion

@: berserking, very quick
A: AC +5, unfitting armour, cold-blooded
a: no special abilities


You were on level 2 of the Dungeon.
You visited 1 branch of the dungeon, and saw 2 of its levels.

You collected 68 gold pieces.

Inventory:

Jewellery
 e - a ring of protection from cold (left hand)
 g - a +4 ring of evasion (right hand)
Potions
 a - a potion of lignification
 d - 2 potions of berserk rage


   Skills:
 + Level 2.8 Fighting
 - Level 1.7 Dodging
 * Level 4.7 Unarmed Combat
 + Level 3.0 Spellcasting
 + Level 3.1 Transmutations


You had 4 spell levels left.
You knew the following spells:

 Your Spells              Type           Power      Damage    Failure   Level
a - Beastly Appendage     Tmut           22%        N/A       5%          1
b - Wereblood             Tmut           11%        N/A       9%          2
c - Spider Form           Tmut/Pois      6%         N/A       32%         3

Your spell library contained the following spells:

 Spells                   Type           Power      Damage    Failure   Level
 Ice Form                 Ice/Tmut       6%         N/A       71%         4


Dungeon Overview and Level Annotations

Branches:
Dungeon (2/15)

Altars:

Annotations:
D:2 Robin


Innate Abilities, Weirdness & Mutations

Your plain brown scales are hard. (AC +5)
You cannot fit into any form of body armour.
You are cold-blooded and may be slowed by cold attacks.


Message History

The goblin misses you.
You punch the goblin!
You kill the goblin!
The goblin closely misses you.
Robin's bangles clink loudly.
Robin roars a battlecry!
The goblin goes into a battle-frenzy!
Robin throws the goblin at you!
* * * LOW HITPOINT WARNING * * *
You see here a +3 dagger.
You hit the goblin.
The goblin is severely wounded.
Reactivating autopickup.
You feel a bit more experienced. The goblin hits you with a +0 dagger.
* * * LOW HITPOINT WARNING * * *
A goblin comes into view. It is wielding a +0 club.
The goblin completely misses you.
Your Fighting skill increases to level 2!
Your Unarmed Combat skill increases to level 4!
Your Spellcasting skill increases to level 3!
Your Transmutations skill increases to level 3!
You have reached level 4!
You feel stronger.
You have reached level 5!
You barely miss the goblin.
The goblin is severely wounded.
The goblin hits you but does no damage. The goblin closely misses you.
You closely miss the goblin. You tail-slap the goblin.
You kill the goblin!
The goblin completely misses you. The goblin attacks as you move away!
The goblin hits you with a +0 club.
* * * LOW HITPOINT WARNING * * *
A hobgoblin comes into view.
Things that are here:
a +0 dagger; a goblin corpse It was a potion of berserk rage.
A red film seems to cover your vision as you go berserk!
You feel yourself moving faster!
You feel mighty! The goblin hits you with a +0 club.
You die...

##.#.##.##P.♣....#
#.#.##.
#.#.##.##...♣..##
# #.#.##.
#.#.##.#.###.###
#.#.#.##.
#.#.##..# ##.##
#..<..... #.#....#
##.# ###.#.##.
#.####.. ##.##
#.#.##. #.# #.#
#.## #.#.##. ...
#.#.## #.#.##. ..
##.###@## #....
#.#.# ##g# ###.#
#...###)## .#
#.##..#.## ..#
#S## .# #)#
......g.#
........#
#####g###


You could see a goblin (strong).

Vanquished Creatures
  Sigmund (D:2)
  An adder (D:2)
  A dart slug (D:1)
  5 ball pythons
  8 endoplasms
  5 goblins
  2 hobgoblins (D:1)
  3 jackals (D:1)
  2 bats (D:1)
  3 frilled lizards (D:1)
  4 kobolds
  5 rats
40 creatures vanquished.

Vanquished Creatures (others)
  2 plants (D:2)
2 creatures vanquished.

Grand Total: 42 creatures vanquished

Notes
Turn   | Place    | Note
-------+----------+-------------------------------------------
     0 | D:1      | tsouns the Draconian Transmuter began the quest for the
                  | Orb.
     0 | D:1      | Reached XP level 1. HP: 16/16 MP: 3/3
   175 | D:1      | Reached XP level 2. HP: 23/23 MP: 5/5
   392 | D:1      | Reached XP level 3. HP: 21/29 MP: 6/6
  1006 | D:2      | Learned a level 2 spell: Wereblood
  1010 | D:2      | Learned a level 3 spell: Spider Form
  1069 | D:2      | Noticed Sigmund
  1085 | D:2      | Noticed Robin
  1092 | D:2      | Killed Sigmund
  1093 | D:2      | Reached skill level 4 in Unarmed Combat
  1093 | D:2      | Reached XP level 4. HP: 4/37 MP: 2/8
  1093 | D:2      | Reached XP level 5. HP: 4/44 MP: 2/9
  1095 | D:2      | HP: 1/44 [goblin/+0 club[Robin] (4)]
  1097 | D:2      | Slain by a goblin

Illustrated notes

Levels and vault maps discovered:
D:1:      amcnicky_arrival_single_pillar, layout_basic, minmay_indecisive_spiral
D:2:      layout_loops_ring, serial_forest, infiniplex_forest_clump_medium,
          infiniplex_forest_clump_diagonal, infiniplex_forest_lined_3,
          infiniplex_forest_clump_double, uniq_sigmund, uniq_robin

Skill      XL: |  1  2  3 |
---------------+----------+-----
Fighting       | 2 |  2.8
Unarmed Combat | 4 |  4.7
Spellcasting   | 3 |  3.0
Transmutations | 3 |  3.1
Dodging        | |  1.7

Action                   |  1- 3 |  4- 6 || total
-------------------------+-------+-------++-------
Melee: Unarmed           |   116 |     2 ||   118
       Headbutt          |     6 |       ||     6
       Tailslap          |    12 |     1 ||    13
       Kick              |     9 |       ||     9
 Cast: Beastly Appendage |     4 |       ||     4
       Spider Form       |     1 |       ||     1
  Use: Scroll            |     3 |       ||     3
       Potion            |       |     1 ||     1
 Stab: Distracted        |     1 |       ||     1
       Sleeping          |     1 |       ||     1
Armor: Skin              |    19 |     1 ||    20
Dodge: Dodged            |    89 |     2 ||    91

Table legend: (Time is in decaauts)
 A = Elapsed time spent in this place.
 B = Non-inter-level travel time spent in this place.
 C = Inter-level travel time spent in this place.
 D = Time resting spent in this place.
 E = Time spent auto-exploring this place.
 F = Levels seen in this place.
 G = Mean time per level.
                   A        B        C        D        E       F      G
               +--------+--------+--------+--------+--------+-----+--------+
         Total |   1088 |   1055 |     33 |      0 |    804 |   2 |  544.0 |
       Dungeon |   1088 |   1055 |     33 |      0 |    804 |   2 |  544.0 |
               +--------+--------+--------+--------+--------+-----+--------+

Top non-repeatable levels by time:
     D:1: 820 daAuts
     D:2: 268 daAuts
